 Dungeon Crawl Stone Soup version 0.29-a0-459-g97dee8cd24 (webtiles) character file.

Game seed: 6888727183417030422

6259 hquester the Fighter (level 10, -9/95 HPs)
             Began as a Minotaur Fighter on May 20, 2022.
             Was an Elder of Okawaru.
             Killed from afar by a steam dragon (13 damage)
             ... with a ball of steam
             ... on level 8 of the Dungeon.
             The game lasted 00:31:05 (7772 turns).

hquester the Fighter (Minotaur Fighter)             Turns: 7772, Time: 00:31:05

Health: -9/95      AC: 14    Str: 28    XL:     10   Next: 62%
Magic:  21/21      EV: 13    Int: 12    God:    Okawaru [****..]
Gold:   369        SH:  7    Dex: 13    Spells: 9/9 levels left

rFire   . . .      SeeInvis +   r - +8 broad axe "Hydraslayer" {vorpal, *Corrode rPois MP+9 Int+5}
rCold   . . .      Faith    .   c - +1 buckler
rNeg    + . .      Spirit   .   v - +2 scale mail of True Grit {rN+ Int+2}
rPois   +          Reflect  .   w - +1 hat
rElec   .          Harm     .   x - +0 cloak
rCorr   .          Rampage  .   (no gloves)
Will    .....                   A - +0 pair of boots
Stlth   ..........              (no amulet)
HPRegen 0.25/turn               u - ring of see invisible
MPRegen 0.17/turn               p - +6 ring of strength

@: mighty, studying Fighting
A: horns 2, retaliatory headbutt
a: Renounce Religion, Heroism, Finesse


You were on level 8 of the Dungeon.
You worshipped Okawaru.
Okawaru was greatly pleased with you.
You visited 2 branches of the dungeon, and saw 9 of its levels.
You also visited: Ossuary.

You collected 369 gold pieces.

Inventory:

Hand Weapons
 r - the +8 broad axe "Hydraslayer" (weapon) {vorpal, *Corrode rPois MP+9 Int+5}
   (You acquired it on level 4 of the Dungeon)

   It inflicts extra damage upon your enemies.
   Int:       It affects your intelligence (+5).
   rPois:     It protects you from poison.
   MP:        It affects your magic capacity (+9).
   *Corrode:  It may corrode you when you take damage.
Missiles
 D - 18 javelins (quivered)
Armour
 c - a +1 buckler (worn)
 v - the +2 scale mail of True Grit (worn) {rN+ Int+2}
   (You acquired it on level 4 of the Dungeon)

   Int:       It affects your intelligence (+2).
   rN:        It protects you from negative energy.
 w - a +1 hat (worn)
 x - a +0 cloak (worn)
 A - a +0 pair of boots (worn)
Jewellery
 a - a +6 ring of intelligence
 p - a +6 ring of strength (right hand)
 u - a ring of see invisible (left hand)
 B - an amulet of magic regeneration
Wands
 b - a wand of polymorph (7)
 e - a wand of iceblast (10)
 i - a wand of acid (3)
Scrolls
 f - a scroll of enchant weapon
 h - 3 scrolls of teleportation
 k - a scroll of fear
 n - 5 scrolls of immolation
 y - a scroll of torment
 z - a scroll of silence
 E - 2 scrolls of amnesia
Potions
 g - 3 potions of curing
 j - 3 potions of flight
 l - 4 potions of haste
 m - a potion of attraction {unknown}
 o - 4 potions of mutation
 q - 4 potions of cancellation
 s - 2 potions of resistance {unknown}
 t - a potion of invisibility {unknown}
 C - a potion of magic {unknown}


   Skills:
 + Level 11.0 Fighting
 + Level 8.3 Axes
 + Level 4.9 Throwing
 + Level 8.6 Armour
 + Level 6.8 Dodging
 + Level 8.6 Shields
 + Level 4.8 Invocations


You had 9 spell levels left.
You didn't know any spells.
Your spell library contained the following spells:

 Spells                   Type           Power      Damage    Failure   Level
 Freeze                   Ice            0%         1d3       63%         1
 Magic Dart               Conj           0%         1d3       63%         1
 Blink                    Tloc           0%         N/A       77%         2
 Frozen Ramparts          Ice            0%         1d2       94%         3
 Lesser Beckoning         Tloc           0%         N/A       94%         3
 Mephitic Cloud           Conj/Pois/Air  0%         N/A       94%         3
 Ozocubu's Armour         Ice            0%         N/A       94%         3
 Hailstorm                Conj/Ice       0%         3d3       100%        4
 Manifold Assault         Tloc           0%         N/A       100%        5
 Ozocubu's Refrigeration  Ice            0%         4d5       100%        7
 Call Imp                 Summ           Unusable   N/A       N/A         2

Dungeon Overview and Level Annotations

Branches:
Dungeon (8/15)             Temple (1/1) D:4         Ossuary (visited)
   Lair: D:8-11

Altars:
Ashenzari
Cheibriados
Dithmenos
Elyvilon
Fedhas
Gozag
Hepliaklqana
Kikubaaqudgha
Makhleb
Nemelex Xobeh
Okawaru
Qazlal
Ru
Sif Muna
Uskayaw
Vehumet
Wu Jian
Xom
Yredelemnul
Zin
The Shining One

Shops:
D:7 (


Innate Abilities, Weirdness & Mutations

You have a pair of horns on your head.
You reflexively headbutt those who attack you in melee.


Message History

The ball of steam hits you!! The orange demon misses you.
You are engulfed in a cloud of scalding steam.
The steam dragon misses you. You furiously retaliate!
You headbutt the steam dragon! You block the steam dragon's attack.
The orange demon misses you.
You slash the steam dragon!
The steam dragon is heavily wounded.
You are engulfed in a cloud of scalding steam.
The orange demon stings you but does no damage.
The steam dragon bites you but does no damage.
The steam dragon claws you.
You slice the steam dragon!!
You kill the steam dragon!
Okawaru accepts your kill.
You are engulfed in a cloud of scalding steam.
* * * LOW HITPOINT WARNING * * *
The orange demon misses you.
You feel very mighty all of a sudden. You block the orange demon's attack.
You block the orange demon's attack. The orange demon barely misses you.
You furiously retaliate!
You headbutt the orange demon!!
The orange demon hits you but does no damage.
Items here: )))) [[[ †††††.
You slice the orange demon!!
You kill the orange demon!
Okawaru accepts your kill.
Your base Fighting skill increases to level 11!
Okay, then.
You feel like a meek peon again. The steam dragon breathes steam at you.
The ball of steam hits you!
* * * LOW HITPOINT WARNING * * *
Unknown command.
You closely miss the steam dragon.
You are engulfed in a cloud of scalding steam.
* * * LOW HITPOINT WARNING * * *
The steam dragon breathes steam at you. The ball of steam hits you!
You die...

#..D.# ..........<.#. #....#####
............#.
#....#...##............#.
#....'....+............#.
#....#....#............#.
#########....##..##..########'##.
.......>......#..######...##.....
..............#.D§.........#.....
..............#.@§§........+.....
..............#...§§.......#.....
...)).........#..######)##'#.....
###)###########..##..##.#.....###
..'......#........+.....#.....#
..#......#........#.....#.....#
..#......#........#.....#.....#
..#......#........#.....#.....#
..#......#..##...####...#.....#


You could see a steam dragon (catching breath).

Vanquished Creatures
  Amaemon (D:8)
  A cyclops (D:6)
  An orange demon (D:8)
  An unseen horror (D:6)
  A troll (D:6)
  A hornet (D:7)
  Sigmund (D:3)
  A shadow (D:8)
  5 yaks (D:6)
  A steam dragon (D:8)
  2 water moccasins
  Duvessa (D:6)
  3 orc warriors
  2 ice beasts
  A black bear (D:6)
  A sky beast (D:6)
  A centaur (D:7)
  2 phantoms
  3 kobold brigands
  3 bullfrogs
  Blork the orc (D:6)
  4 necrophages
  A gnoll sergeant (D:7)
  A scorpion (D:6)
  3 wights (D:6)
  Dowan (D:6)
  A jelly (D:4)
  2 howler monkeys (D:8)
  A human zombie (Ossuary)
  A centaur zombie (Ossuary)
  4 hounds
  3 orc priests
  4 iguanas
  Crazy Yiuf (D:7)
  Jessica (D:3)
  4 orc wizards
  4 mummies (Ossuary)
  10 gnolls
  8 adders
  A shadow imp (D:5)
  2 ufetubi
  2 worms
  2 dart slugs
  15 orcs
  5 ball pythons
  6 bats
  6 endoplasms
  2 giant cockroaches (D:1)
  6 hobgoblins
  5 jackals (D:4)
  4 quokkas
  5 frilled lizards
  A gnoll zombie (Ossuary)
  7 goblins
  2 hobgoblin zombies (Ossuary)
  17 kobolds
  2 kobold zombies (Ossuary)
  An orc zombie (Ossuary)
  4 rats (D:1)
183 creatures vanquished.

Vanquished Creatures (others)
  An orc (D:8)
1 creature vanquished.

Grand Total: 184 creatures vanquished

Notes
Turn   | Place    | Note
-------+----------+-------------------------------------------
     0 | D:1      | hquester the Minotaur Fighter began the quest for the Orb.
     0 | D:1      | Reached XP level 1. HP: 19/19 MP: 0/0
    60 | D:1      | Reached XP level 2. HP: 21/27 MP: 1/1
   355 | D:1      | Reached skill level 4 in Fighting
   394 | D:1      | Found a faded altar of an unknown god.
   439 | D:1      | Reached XP level 3. HP: 26/33 MP: 2/2
  1403 | D:2      | Found a sacrificial altar of Ru.
  1562 | D:3      | Noticed Jessica
  1567 | D:3      | Reached skill level 1 in Dodging
  1567 | D:3      | Reached XP level 4. HP: 31/40 MP: 3/3
  1567 | D:3      | Killed Jessica
  1886 | D:3      | Noticed Sigmund
  1930 | D:3      | Killed Sigmund
  1931 | D:3      | Reached skill level 5 in Armour
  1931 | D:3      | Reached skill level 5 in Shields
  1931 | D:3      | Reached XP level 5. HP: 21/47 MP: 0/4
  1931 | D:3      | Reached XP level 6. HP: 25/55 MP: 0/5
  2377 | D:3      | Identified a scroll of acquirement
  2377 | D:3      | Acquired a manual of Fighting
  2396 | D:4      | Found a staircase to the Ecumenical Temple.
  2414 | D:4      | Reached skill level 5 in Fighting
  2688 | D:4      | Noticed an ice beast
  2700 | D:4      | Killed an ice beast
  2703 | D:4      | Found a hazy altar of Hepliaklqana.
  2706 | D:4      | Found a shimmering blue altar of Sif Muna.
  2835 | D:4      | Noticed a water moccasin
  2837 | D:4      | Found a sand-covered staircase.
  2845 | D:4      | Killed a water moccasin
  2846 | D:4      | Reached skill level 6 in Fighting
  2846 | D:4      | Reached XP level 7. HP: 30/63 MP: 6/6
  2854 | Ossuary  | Entered an ossuary
  3019 | Ossuary  | Reached skill level 5 in Axes
  3209 | D:4      | Acquired the +2 scale mail of True Grit {rN+ Int+2}
  3210 | D:4      | Acquired the +8 broad axe "Hydraslayer" {vorpal, *Corrode
                  | rPois MP+9 Int+5}
  3982 | D:5      | Entered Level 5 of the Dungeon
  4034 | Temple   | Entered the Ecumenical Temple
  4212 | Temple   | Became a worshipper of Warmaster Okawaru
  4290 | D:5      | Reached skill level 7 in Fighting
  4367 | D:5      | Reached XP level 8. HP: 67/73 MP: 7/7
  4522 | D:5      | Reached skill level 1 in Throwing
  4607 | D:5      | Reached skill level 1 in Invocations
  4869 | D:5      | Found a glowing silver altar of Zin.
  5293 | D:6      | Noticed a cyclops
  5293 | D:6      | Noticed an unseen horror
  5304 | D:6      | Killed an unseen horror
  5305 | D:6      | Reached skill level 8 in Fighting
  5307 | D:6      | Reached * piety under Okawaru
  5316 | D:6      | Killed a cyclops
  5316 | D:6      | Reached ** piety under Okawaru
  5317 | D:6      | Reached skill level 5 in Dodging
  5317 | D:6      | Reached XP level 9. HP: 37/82 MP: 9/9
  5610 | D:6      | Reached skill level 9 in Fighting
  5769 | D:6      | Noticed Dowan
  5770 | D:6      | Noticed Duvessa
  5779 | D:6      | Killed Duvessa
  5781 | D:6      | Killed Dowan
  5810 | D:6      | Reached *** piety under Okawaru
  5813 | D:6      | Received a gift from Okawaru
  6023 | D:6      | Noticed Blork the orc
  6026 | D:6      | Killed Blork the orc
  6313 | D:6      | Noticed a troll
  6326 | D:6      | Killed a troll
  6402 | D:6      | Reached XP level 10. HP: 93/93 MP: 12/12
  6404 | D:6      | Reached skill level 10 in Fighting
  7163 | D:7      | Found Fengat's Antique Weapon Shoppe.
  7279 | D:7      | Reached **** piety under Okawaru
  7462 | D:7      | Found a runed translucent door.
  7463 | D:7      | Noticed Crazy Yiuf
  7468 | D:7      | Killed Crazy Yiuf
  7724 | D:8      | Noticed Amaemon
  7752 | D:8      | Killed Amaemon
  7752 | D:8      | Noticed an orange demon
  7764 | D:8      | Killed an orange demon
  7765 | D:8      | Reached skill level 11 in Fighting
  7772 | D:8      | HP: 4/95 [steam dragon] (11)]
  7772 | D:8      | Killed from afar by a steam dragon

Illustrated notes

Levels and vault maps discovered:
D:1:      dpeg_arrival_simpleton_a, layout_basic,
          chequers_ecumenical_altar_simple
D:2:      layout_rooms, basic_altar, serial_curves, eino_curves_02,
          eino_curves_04, eino_curves_03, eino_curves_04, grunt_ministairs_14,
          hangedman_glass_teeth, minmay_tetromino_t2
D:3:      layout_basic, uniq_jessica, uniq_sigmund
D:4:      layout_basic, nicolae_overflow_squiral, minmay_temple_entry_offerings,
          enter_ossuary_1
D:5:      layout_loops_ring, lemuel_coloured_pillars_altar,
          kennysheep_generic_room_8
D:6:      layout_basic, minmay_divided_ellipse, uniq_duvessa, uniq_blork_the_orc
D:7:      layout_basic, serial_shops, kennysheep_mini, uniq_crazy_yiuf_cottage
D:8:      layout_gridville, enter_bailey_5, minmay_fractal_squares_5,
          uniq_amaemon
Temple:   regret_index_temple_mists

Skill      XL: |  1  2  3  4  5  6  7  8  9 10 |
---------------+-------------------------------+-----
Armour         | 4 5 6 7 8 |  8.6
Shields        | 4 5 6 7 8 |  8.6
Fighting       | 4 6 7 8 9 11 | 11.0
Axes           | 3 4 5 6 7 8 |  8.3
Dodging        | 1 2 3 4 5 6 |  6.8
Throwing       | 2 4 |  4.9
Invocations    | 2 4 |  4.8

Action                   |  1- 3 |  4- 6 |  7- 9 | 10-12 || total
-------------------------+-------+-------+-------+-------++-------
Melee: War axe           |    94 |    83 |    38 |       ||   215
       Headbutt          |     8 |    13 |    31 |     8 ||    60
       Broad axe         |       |       |   136 |    53 ||   189
Throw: Javelin           |       |       |     3 |       ||     3
Invok: Heroism           |       |       |     1 |     3 ||     4
  Use: Scroll            |     7 |     3 |    11 |     2 ||    23
       Potion            |       |     1 |     3 |     2 ||     6
 Stab: Distracted        |     1 |       |       |       ||     1
Armor: Scale mail        |    48 |    46 |    60 |    31 ||   185
Dodge: Dodged            |    44 |    32 |    55 |    35 ||   166
Block: Buckler           |    12 |    19 |    44 |    33 ||   108

Table legend: (Time is in decaauts)
 A = Elapsed time spent in this place.
 B = Non-inter-level travel time spent in this place.
 C = Inter-level travel time spent in this place.
 D = Time resting spent in this place.
 E = Time spent auto-exploring this place.
 F = Levels seen in this place.
 G = Mean time per level.
                   A        B        C        D        E       F      G
               +--------+--------+--------+--------+--------+-----+--------+
         Total |   7964 |   7562 |    402 |     66 |   5603 |  10 |  796.4 |
       Dungeon |   7389 |   7014 |    375 |     47 |   5353 |   8 |  923.6 |
        Temple |    270 |    244 |     26 |      0 |    168 |   1 |  270.0 |
       Ossuary |    304 |    304 |      0 |     19 |     82 |   1 |  304.0 |
               +--------+--------+--------+--------+--------+-----+--------+

Top non-repeatable levels by time:
     D:6: 1703 daAuts
     D:4: 1431 daAuts
     D:3: 921 daAuts
     D:5: 910 daAuts
     D:1: 803 daAuts
     D:7: 726 daAuts
     D:2: 716 daAuts
 Ossuary: 304 daAuts
  Temple: 270 daAuts
     D:8: 175 daAuts
